 Dungeon Crawl Stone Soup version 0.29-a0-322-g68df515428 (webtiles) character file.

Game seed: 11844477518636043363

2 Hubjo the Digger (level 1, 0/10 HPs)
             Began as a Deep Elf Wanderer on Apr 7, 2022.
             Slain by a kobold
             ... wielding a +0 short sword
              (1 damage)
             ... on level 1 of the Dungeon.
             The game lasted 00:01:31 (419 turns).

Hubjo the Digger (Deep Elf Wanderer)                 Turns: 419, Time: 00:01:31

Health: 0/10       AC:  3    Str:  6    XL:     1   Next: 25%
Magic:  5/5        EV: 12    Int: 18    God:
Gold:   5          SH:  0    Dex: 15    Spells: 3/3 levels left

rFire   . . .      SeeInvis .   a - +0 dagger
rCold   . . .      Faith    .   (no shield)
rNeg    . . .      Spirit   .   d - +0 robe
rPois   .          Reflect  .   (no helmet)
rElec   .          Harm     .   e - +0 cloak
rCorr   .          Rampage  .   (no gloves)
Will    .....                   (no boots)
Stlth   +.........              (no amulet)
HPRegen 0.03/turn               (no ring)
MPRegen 0.09/turn               (no ring)

@: no status effects
A: no striking features
a: no special abilities


You were on level 1 of the Dungeon.
You visited 1 branch of the dungeon, and saw 1 of its levels.

You collected 5 gold pieces.

Inventory:

Hand Weapons
 a - a +0 dagger (weapon)
Missiles
 c - 29 stones (quivered)
Armour
 d - a +0 robe (worn)
 e - a +0 cloak (worn)
Scrolls
 b - a scroll of fear
 f - a scroll of identify {unknown}
 g - a scroll of magic mapping {unknown}


   Skills:
 * Level 0.1 Fighting
 - Level 2.4 Dodging
 * Level 0.2 Stealth
 + Level 1.6 Spellcasting
 + Level 2.2 Summonings
 + Level 4.4 Earth Magic
 + Level 1.1 Evocations


You had 3 spell levels left.
You didn't know any spells.
Your spell library contained the following spells:

 Spells                   Type           Power      Damage    Failure   Level
 Sandblast                Erth           34%        2d9       3%          1
 Summon Small Mammal      Summ           36%        N/A       8%          1
 Passwall                 Tmut/Erth      7%         N/A       12%         2
 Foxfire                  Conj/Fire      4%         2x1d4     19%         1
 Summon Guardian Golem    Hex/Summ       5%         N/A       34%         3
 Conjure Flame            Conj/Fire      1%         6-21      50%         3
 Inner Flame              Hex/Fire       1%         N/A       50%         3
 Petrify                  Tmut/Erth      9%         N/A       58%         4
 Flame Wave               Conj/Fire      1%         2d4       88%         4


Dungeon Overview and Level Annotations

Branches:
Dungeon (1/15)

Altars:


Message History

A frilled lizard is nearby!
A kobold comes into view. It is wielding a +0 short sword.
The kobold shouts!
You barely miss the frilled lizard.
The frilled lizard bites you but does no damage.
You miss the frilled lizard. The kobold closely misses you.
The frilled lizard bites you.
You hit the frilled lizard but do no damage.
The kobold hits you with a +0 short sword.
The frilled lizard bites you.
You miss the frilled lizard.
The kobold hits you with a +0 short sword.
The frilled lizard barely misses you.
You miss the frilled lizard. The kobold barely misses you.
The frilled lizard closely misses you.
You closely miss the frilled lizard. The kobold closely misses you.
The frilled lizard misses you.
You miss the frilled lizard. The kobold barely misses you.
The frilled lizard misses you.
You miss the frilled lizard. The kobold hits you but does no damage.
The frilled lizard bites you.
You are too injured to fight recklessly!
You are too injured to fight recklessly!
You are too injured to fight recklessly!
You are too injured to fight recklessly!
You are too injured to fight recklessly!
You are too injured to fight recklessly!
You are too injured to fight recklessly!
You are too injured to fight recklessly!
You are too injured to fight recklessly!
You are too injured to fight recklessly!
You are too injured to fight recklessly!
The frilled lizard barely misses you.
You closely miss the kobold.
The kobold hits you with a +0 short sword.
* * * LOW HITPOINT WARNING * * *
You closely miss the kobold. The kobold closely misses you.
You hit the kobold but do no damage.
The kobold hits you with a +0 short sword.
You die...

###### #####....#
#.....##.# ## ####.#.##.#
.# #####....#....#
.#####......###.##.#
............>##.##.######
#............##.@Kl.....#
#.# ##.......#####.#.##.#
..##########.# ..#...
.....### #.# ...# ###
#.#....# #.# ##.##
#.#....# #.# #.
###....### #.# ##
##.......###.#
.#...........#


You could see a kobold and a frilled lizard.

Vanquished Creatures
  A goblin (D:1)
  A rat (D:1)
2 creatures vanquished.

Notes
Turn   | Place    | Note
-------+----------+-------------------------------------------
     0 | D:1      | Hubjo the Deep Elf Wanderer began the quest for the Orb.
     0 | D:1      | Hubjo set off with the following items: a +0 dagger, a
                  | scroll of fear, 29 stones, a +0 robe, a +0 cloak; and the
                  | following spells available to memorise: Sandblast, Summon
                  | Small Mammal, Passwall, Summon Guardian Golem, Petrify
     0 | D:1      | Reached XP level 1. HP: 10/10 MP: 5/5
   419 | D:1      | Slain by a kobold

Illustrated notes

Levels and vault maps discovered:
D:1:      nagdon_arrival_zigzag_paths, layout_basic, basic_ecumenical_altar

Action                   || total
-------------------------++-------
Melee: Dagger            ||    22
Armor: Robe              ||     4
Dodge: Dodged            ||    16

Table legend: (Time is in decaauts)
 A = Elapsed time spent in this place.
 B = Non-inter-level travel time spent in this place.
 C = Inter-level travel time spent in this place.
 D = Time resting spent in this place.
 E = Time spent auto-exploring this place.
 F = Levels seen in this place.
 G = Mean time per level.
                   A        B        C        D        E       F      G
               +--------+--------+--------+--------+--------+-----+--------+
         Total |    419 |    419 |      0 |      0 |    365 |   1 |  419.0 |
       Dungeon |    419 |    419 |      0 |      0 |    365 |   1 |  419.0 |
               +--------+--------+--------+--------+--------+-----+--------+

Top non-repeatable levels by time:
     D:1: 419 daAuts
